 Dungeon Crawl Stone Soup version 0.17-a0-2069-g0f4ee5b (webtiles) character file.

93 Jackolantern the Stinger (level 4, -5/22 HPs)
             Began as a Spriggan Venom Mage on Oct 13, 2015.
             Was an Initiate of Vehumet.
             Killed from afar by an orc wizard (6 damage)
             ... with a magic dart
             ... on level 3 of the Dungeon.
             The game lasted 00:06:06 (942 turns).

Jackolantern the Stinger (Spriggan Venom Mage)       Turns: 942, Time: 00:06:07

Health: -5/22      AC:  7    Str:  5    XL:     4   Next: 37%
Magic:  1/10       EV: 19    Int: 16    God:    Vehumet [......]
Gold:   14         SH:  0    Dex: 16    Spells: 1 memorised, 9 levels left

rFire  . . .     SeeInvis +     n - +3 short sword
rCold  . . .     Clarity  .     a - +0 robe
rNeg   . . .     SustAt   +     (shield restricted)
rPois  .         Gourm    .     (helmet restricted)
rElec  .         Spirit   .     f - +0 cloak
rCorr  .         Warding  .     (gloves unavailable)
rMut   .         Stasis   .     (boots unavailable)
MR     .....                    (no amulet)
Stlth  +.........               (no ring)
                                l - ring of sustain attributes

@: confused, lethally poisoned (-5 -> -9), very quick, not resistant to hostile
enchantments, very unstealthy
A: unfitting armour, iridescent scales 1, see invisible, herbivore 3, speed 3,
slow metabolism 2
a: Renounce Religion


You were on level 3 of the Dungeon.
You worshipped Vehumet.
Vehumet was noncommittal.
You were not hungry.

You visited 1 branch of the dungeon, and saw 3 of its levels.

You collected 14 gold pieces.

Inventory:

Hand Weapons
 n - a +3 short sword (weapon)
Armour
 a - a +0 robe (worn)
 f - a +0 cloak (worn)
Jewellery
 l - a ring of sustain attributes (left hand)
Scrolls
 e - a scroll of enchant weapon {unknown}
 i - a scroll of noise {unknown}
Potions
 d - a potion of cancellation
Books
 b - a Young Poisoner's Handbook

   Spells                             Type                      Level
   a - Sting                          Conjuration/Poison           1
   b - Cure Poison                    Poison                       2
   c - Mephitic Cloud                 Conjuration/Poison/Air       3
   d - Olgreb's Toxic Radiance        Poison                       4
   e - Venom Bolt                     Conjuration/Poison           5
Comestibles
 c - 2 bread rations


   Skills:
 - Level 1.0 Fighting
 * Level 0.0 Short Blades
 * Level 3.6 Dodging
 * Level 4.3 Stealth
 * Level 3.5 Spellcasting
 * Level 4.6 Poison Magic


You had 9 spell levels left.
You knew the following spells:

 Your Spells              Type           Power        Failure   Level  Hunger
a - Sting                 Conj/Pois      ##..         10%         1    None


Dungeon Overview and Level Annotations

Branches:
Dungeon (3/15)

Altars:
Nemelex Xobeh
Vehumet


Innate Abilities, Weirdness & Mutations

You are tiny and cannot use many weapons and most armour.
You have supernaturally acute eyesight.
You are a herbivore.
You cover ground extremely quickly.
You need consume almost no food.
You are partially covered in iridescent scales (AC +4).


Message History

The sting hits the orc wizard.
The orc wizard appears unharmed.
The orc wizard is moderately wounded.
You feel sick.
You hit the orc wizard but do no damage.
The orc wizard is moderately wounded.
The orc wizard hits you but does no damage.
You closely miss the orc wizard.
The orc wizard is moderately wounded.
The orc wizard hits you but does no damage.
You barely miss the orc wizard.
The orc wizard is moderately wounded.
You feel sick. The orc wizard barely misses you.
The orc wizard points at you and mumbles some strange words.
You are confused.
The orc wizard casts a spell at you. The magic dart hits you!
* * * LOW HITPOINT WARNING * * *
The orc wizard casts a spell at you. The magic dart hits you!
You die...

........ #.......##### #
##........#.. .#.
#...#.......####...
............#.....
................#
........$.....#.#
#.......o....#.#
#......@.!.....#
#.........#...###
#........##.....# ##.
#..##....###...<#####...
... #..................#
#. #........#.#.##..###
# #......)...#.....##
).................# #
...........#.#)###


You could see an orc wizard (invisible).

Vanquished Creatures
  An orc priest (D:3)
  An orc wizard (D:3)
  An adder (D:2)
  7 orcs (D:3)
  2 giant cockroaches
  3 goblins
  2 hobgoblins (D:1)
  A bat (D:3)
  A giant gecko (D:2)
  3 kobolds
  7 rats
29 creatures vanquished.

Notes
Turn   | Place    | Note
--------------------------------------------------------------
     0 | D:1      | Jackolantern the Spriggan Venom Mage began the quest for the Orb.
     0 | D:1      | Reached XP level 1. HP: 9/9 MP: 5/5
   140 | D:1      | Found a sparkling altar of Nemelex Xobeh.
   171 | D:1      | Reached XP level 2. HP: 7/13 MP: 1/6
   191 | D:2      | Found a radiant altar of Vehumet.
   209 | D:2      | Became a worshipper of Vehumet
   537 | D:3      | Reached XP level 3. HP: 17/17 MP: 0/8
   628 | D:3      | Reached skill level 1 in Fighting
   813 | D:3      | Reached XP level 4. HP: 22/22 MP: 6/10
   920 | D:3      | Gained mutation: You are partially covered in iridescent scales (AC +4). [potion of beneficial mutation]
   941 | D:3      | HP: 1/22 [orc wizard/magic dart (7)]
   942 | D:3      | Killed from afar by an orc wizard

Vault maps used:
D:1:      ldierk_walled_garden, kennysheep_doodads, nemelex_diamond_rough_becter
D:2:      lemuel_coloured_pillars_altar, lemuel_round_altar, vehumet_crystals,
          minmay_misc_feat_doors
D:3:      uniq_grinder

Action                   |  1- 3 |  4- 6 || total
-------------------------+-------+-------++-------
Melee: Unarmed           |    25 |       ||    25
       Mace              |     1 |       ||     1
       Dagger            |       |    11 ||    11
       Short sword       |       |    10 ||    10
 Cast: Sting             |    49 |    17 ||    66
  Use: Scroll            |       |     4 ||     4
       Potion            |       |     2 ||     2
